 Dungeon Crawl Stone Soup version 0.29.1-13-g9f3cf754e1 (webtiles) character file.

Game seed: 17092790056213654500

3063 Thatpatchoflichen the Skirmisher (level 9, -14/59 (60) HPs)
             Began as a Deep Elf Hunter on Jan 25, 2023.
             Was an Initiate of Ashenzari.
             Killed from afar by an acid dragon (39 damage)
             ... with a splash of acid
             ... on level 8 of the Dungeon on Jan 26, 2023.
             The game lasted 00:37:45 (6781 turns).

Thatpatchoflichen the Skirmisher (Deep Elf Hunter)  Turns: 6781, Time: 00:37:45

HP:   -14/59 (60)   AC:  6    Str:  8    XL:     9   Next: 57%
MP:   11/11         EV: 23    Int: 15    God:    Ashenzari [......]
Gold: 124           SH:  0    Dex: 28    Spells: 8/8 levels left

rFire   . . .      SeeInvis .   a - +0 shortbow
rCold   . . .      Faith    .   (shield currently unavailable)
rNeg    . . .      Spirit   .   c - +0 leather armour
rPois   .          Reflect  .   (helmet restricted)
rElec   .          Harm     .   M - scarf {shadows}
rCorr   .          Rampage  .   r - +2 pair of gloves of Ashenzari's Prison {Bglg, Self} (curse)
Will    .....      Rnd*Tele +   (no boots)
Stlth   +++.......              s - amulet of regeneration
HPRegen 0.99/turn               h - +4 ring of evasion
MPRegen 0.12/turn               F - +6 ring of dexterity

@: studying Polearms, lightly drained
A: claws 1, horns 1, teleportitis 1
a: Renounce Religion, Shatter the Chains


You were on level 8 of the Dungeon.
You worshipped Ashenzari.
Ashenzari was noncommittal.
You visited 2 branches of the dungeon, and saw 9 of its levels.

You collected 356 gold pieces.
You spent 232 gold pieces at shops.

Inventory:

Hand Weapons
 a - a +0 shortbow (weapon)
 m - a +1 dagger of holy wrath
Missiles
 d - 36 poisoned darts
 l - 7 boomerangs
 L - 6 silver boomerangs
Armour
 c - a +0 leather armour (worn)
 r - the cursed +2 pair of gloves of Ashenzari's Prison (worn) {Bglg, Self}
   (You found it on level 2 of the Dungeon)

   It has a curse which improves the following skills: Beguiling: Conjurations,
   Hexes and Translocations.
   Introspection: Fighting and Spellcasting.
 M - a scarf of shadows (worn)
Jewellery
 h - a +4 ring of evasion (left hand)
 s - an amulet of regeneration (around neck)
 w - a ring of protection from fire
 F - a +6 ring of dexterity (right hand)
 P - a +4 ring of protection
Wands
 y - a wand of iceblast (6)
 A - a wand of acid (10)
 B - a wand of flame (17)
 C - a wand of paralysis (22)
 O - a wand of mindburst (12)
Scrolls
 b - 2 scrolls of immolation
 j - a scroll of vulnerability {unknown}
 n - a scroll of silence {unknown}
 o - a scroll of poison {unknown}
 t - 3 scrolls of teleportation
 v - a scroll of magic mapping {unknown}
 D - a scroll of noise {unknown}
 E - a scroll of blinking {unknown}
 G - a scroll of fog {unknown}
 H - a scroll of amnesia {unknown}
 I - a scroll of summoning {unknown}
 J - 2 scrolls of fear {unknown}
 K - a scroll of identify
 N - a scroll of enchant armour {unknown}
Potions
 e - 3 potions of haste
 f - 4 potions of brilliance
 g - a potion of heal wounds
 i - 3 potions of attraction {unknown}
 k - a potion of ambrosia {unknown}
 p - a potion of lignification {unknown}
 q - 2 potions of berserk rage {unknown}
 u - a potion of cancellation {unknown}
 x - a potion of might {unknown}
 z - 2 potions of curing {unknown}


   Skills:
 + Level 8.2(8.7) Fighting
 + Level 8.6 Ranged Weapons
 + Level 1.7 Armour
 + Level 8.5 Dodging
 - Level 4.0 Stealth


You had 8 spell levels left.
You didn't know any spells.
Your spell library contained the following spells:

 Spells                   Type           Power      Damage    Failure   Level
 Poisonous Vapours        Pois/Air       0%         N/A       50%         2
 Scorch                   Fire           0%         2d5       50%         2
 Conjure Flame            Conj/Fire      0%         6-21      75%         3
 Ignite Poison            Fire/Tmut/Pois 0%         N/A       75%         3
 Corpse Rot               Necr/Pois/Air  0%         N/A       98%         4
 Flame Wave               Conj/Fire      0%         2d4       98%         4
 Sticky Flame             Conj/Fire      0%         2d3       98%         4
 Summon Cactus Giant      Summ           0%         N/A       100%        6


Dungeon Overview and Level Annotations

Branches:
Dungeon (8/15)             Temple (1/1) D:6
   Lair: D:8-11

Altars:
Ashenzari
Cheibriados
Dithmenos
Elyvilon
Fedhas
Hepliaklqana
Kikubaaqudgha
Makhleb
Nemelex Xobeh
Qazlal
Ru
Sif Muna
Uskayaw
Vehumet
Wu Jian
Xom
Yredelemnul
Zin

Shops:
D:3 [   D:5 :


Innate Abilities, Weirdness & Mutations

You have sharp fingernails.
You have a pair of small horns on your head.
You are occasionally teleported next to monsters.


Message History

The acid dragon is moderately wounded.
The acid dragon completely misses you. The acid dragon misses you.
Fire: a) +0 shortbow
Press: ? - help, Q - select action, (/) - cycle Shift-Dir - straight line, f/p - acid dragon
Aim: an acid dragon (moderately wounded, 73% to hit)
You shoot an arrow.
The arrow hits the acid dragon but does no damage.
The acid dragon is moderately wounded.
The acid dragon misses you. x2
Fire: a) +0 shortbow
Press: ? - help, Q - select action, (/) - cycle Shift-Dir - straight line, f/p - acid dragon
Aim: an acid dragon (moderately wounded, 73% to hit)
You shoot an arrow.
The arrow barely misses the acid dragon.
The acid dragon spits acid at you. The splash of acid hits you!
The acid corrodes you!
Fire: a) +0 shortbow
Press: ? - help, Q - select action, (/) - cycle Shift-Dir - straight line, f/p - acid dragon
Aim: an acid dragon (moderately wounded, catching its breath, 73% to hit)
You shoot an arrow.
The arrow barely misses the acid dragon.
The acid dragon misses you. The acid dragon completely misses you.
Fire: a) +0 shortbow
Press: ? - help, Q - select action, (/) - cycle Shift-Dir - straight line, f/p - acid dragon
Aim: an acid dragon (moderately wounded, 73% to hit)
You shoot an arrow. The arrow hits the acid dragon.
The acid dragon is heavily wounded.
The acid dragon closely misses you. x2; The acid dragon bites you!
* * * LOW HITPOINT WARNING * * *
The acid dragon claws you.
* * * LOW HITPOINT WARNING * * *
The acid dragon spits acid at you. The splash of acid misses you.
The acid dragon spits acid at you. The splash of acid misses you.
You are no longer corroded.
The acid dragon spits acid at you. The splash of acid hits you!!!
Ouch! That really hurt!
You die...

....................
...######.###...###
#.. ###.###...####
.###.###.............
........##.##D#####.
##........##.#
##......####.##
#...###...[...##
#...######..@..#
#.....####.>.#.##
#...##...##...#..#
#...............##.#
.
.....######.....##.##
#.. ....# ##.#####..#
.. #.##
#.....##.#####.# ..
#####....##....#
###.[...####


You could see an acid dragon (catching breath).

Vanquished Creatures
  6 yaks
  A water moccasin (D:7)
  2 ice beasts
  A black bear (D:5)
  3 ogres
  A centaur (D:6)
  A phantom (D:4)
  2 bullfrogs
  A kobold brigand (D:6)
  3 scorpions
  5 wights (D:8)
  The ghost of TheTrueKiwi the Ducker, a weakling TrFi (D:3)
  A howler monkey (D:8)
  3 quasits (D:3)
  3 jellies
  A gnoll bouda (D:5)
  4 hounds
  An orc priest (D:5)
  3 iguanas
  2 orc wizards
  4 gnolls (D:5)
  6 adders
  A shadow imp (D:5)
  An ufetubus (D:6)
  2 dart slugs
  15 orcs
  6 endoplasms
  12 giant cockroaches
  5 goblins
  6 hobgoblins
  17 kobolds
  A quokka (D:4)
  8 ball pythons
  8 bats
  3 frilled lizards (D:1)
  5 rats
145 creatures vanquished.

Vanquished Creatures (others)
  A howler monkey (D:7)
1 creature vanquished.

Grand Total: 146 creatures vanquished

Notes
Turn   | Place    | Note
-------+----------+-------------------------------------------
     0 | D:1      | Thatpatchoflichen the Deep Elf Hunter began the quest for
                  | the Orb.
     0 | D:1      | Reached XP level 1. HP: 12/12 MP: 3/3
   125 | D:1      | Reached XP level 2. HP: 17/17 MP: 4/4
   940 | D:2      | Found a faded altar of an unknown god.
   990 | D:2      | Reached XP level 3. HP: 21/21 MP: 5/5
  1593 | D:3      | Found a shimmering altar of Xom.
  1596 | D:3      | Found a shimmering altar of Xom.
  1773 | D:3      | Reached XP level 4. HP: 25/26 MP: 6/6
  1934 | D:3      | Found Weefips's Antique Armour Shop.
  2484 | D:3      | Found a transporter.
  2487 | D:3      | Noticed TheTrueKiwi's ghost (weakling TrFi)
  2501 | D:3      | Found a transporter.
  2563 | D:3      | Found a sparkling altar of Nemelex Xobeh.
  2809 | D:4      | Found a stormy altar of Qazlal.
  2843 | D:5      | Entered Level 5 of the Dungeon
  2843 | D:5      | Noticed a scorpion
  2986 | D:4      | Reached XP level 5. HP: 22/31 MP: 7/7
  3005 | D:4      | Found a burning altar of Makhleb.
  3015 | D:4      | Noticed an ogre
  3173 | D:4      | Noticed a phantom
  3340 | D:5      | Noticed a black bear
  3399 | D:5      | Reached XP level 6. HP: 34/37 MP: 8/8
  3462 | D:5      | Found Elykegg's Book Boutique.
  3587 | D:4      | Reached skill level 5 in Dodging
  3643 | D:4      | Reached XP level 7. HP: 41/43 MP: 9/9
  3685 | D:4      | Found an ornate altar of the Wu Jian Council.
  3819 | D:4      | Found a hazy altar of Hepliaklqana.
  4222 | D:3      | Gained mutation: You are strong-willed. (Will+) [potion of
                  | mutation]
  4222 | D:3      | Gained mutation: You have a pair of small horns on your
                  | head. [potion of mutation]
  4222 | D:3      | Gained mutation: You expend magic power (3 MP) to
                  | strengthen your wands. [potion of mutation]
  4343 | D:3      | Killed TheTrueKiwi's ghost
  4521 | D:5      | Found a shimmering blue altar of Sif Muna.
  4620 | D:5      | Reached skill level 5 in Fighting
  4984 | D:5      | Reached XP level 8. HP: 51/51 MP: 10/10
  5499 | D:6      | Found a snail-covered altar of Cheibriados.
  5502 | D:6      | Found a white marble altar of Elyvilon.
  5561 | D:6      | Found a staircase to the Ecumenical Temple.
  5586 | Temple   | Entered the Ecumenical Temple
  5593 | Temple   | Became a worshipper of Ashenzari the Shackled
  5650 | D:6      | Reached XP level 9. HP: 57/57 MP: 11/11
  6015 | D:6      | Found an ancient bone altar of Kikubaaqudgha.
  6158 | D:3      | Bought a runed scarf for 232 gold pieces
  6231 | D:5      | Lost mutation: You expend magic power (3 MP) to strengthen
                  | your wands. [potion of mutation]
  6231 | D:5      | Lost mutation: You have a pair of small horns on your head.
                  | [potion of mutation]
  6231 | D:5      | Gained mutation: You sometimes lose your temper in combat.
                  | [potion of mutation]
  6231 | D:5      | Gained mutation: Armour fits poorly on your strangely
                  | shaped body. [potion of mutation]
  6231 | D:5      | Gained mutation: Your muscles are strong. (Str +4, Int/Dex
                  | -1) [potion of mutation]
  6232 | D:5      | Lost mutation: Armour fits poorly on your strangely shaped
                  | body. [potion of mutation]
  6232 | D:5      | Lost mutation: You are strong-willed. (Will+) [potion of
                  | mutation]
  6232 | D:5      | Gained mutation: You passively map a small area around you.
                  | [potion of mutation]
  6232 | D:5      | Gained mutation: You are occasionally teleported next to
                  | monsters. [potion of mutation]
  6233 | D:5      | Lost mutation: You sometimes lose your temper in combat.
                  | [potion of mutation]
  6233 | D:5      | Lost mutation: You passively map a small area around you.
                  | [potion of mutation]
  6233 | D:5      | Lost mutation: Your muscles are strong. (Str +4, Int/Dex
                  | -1) [potion of mutation]
  6233 | D:5      | Gained mutation: You have a pair of small horns on your
                  | head. [potion of mutation]
  6233 | D:5      | Gained mutation: You have sharp fingernails. [potion of
                  | mutation]
  6500 | D:7      | Reached skill level 1 in Armour
  6781 | D:8      | Killed from afar by an acid dragon

Illustrated notes

Levels and vault maps discovered:
D:1:      psy_arrival_statuary, layout_basic
D:2:      minmay_roachtagon, layout_basic, hellmonk_ecumenical_altar_crossroads
D:3:      minmay_door_path, layout_basic, xom_redecorated,
          nemelex_spade_bored_becter, serial_shops, nicolae_shop_hallway_stairs,
          gammafunk_ghost_stat_death, hangedman_decor_lopped
D:4:      layout_basic, pdpol_wu_jian_five_deadly_venoms,
          nzn_hepliaklqana_mist_gate, overflow_temple_1_default,
          nicolae_qazlal_general_emergency
D:5:      layout_loops_ring, kennysheep_orc_sif_temple, serial_shops,
          nicolae_lakefront_shop
D:6:      layout_gridville, lemuel_doored_altar,
          mainiacjoe_overflow_cross_hatched, mainiacjoe_overflow_tiny_flanked,
          temple_pool_b
D:7:      layout_loops_ring, nicolae_tso_swordbearing_angel, uniq_duvessa
D:8:      layout_rooms, nrook_pool_corridor
Temple:   hellmonk_temple_two_chambers

Skill      XL: |  1  2  3  4  5  6  7  8  9 |
---------------+----------------------------+-----
Stealth        | 2 3 4 |  4.0
Dodging        | 3 4 5 6 8 |  8.5
Fighting       | 2 3 4 6 7 8 |  8.2
Ranged Weapons | 6 8 |  8.6
Armour         | 1 |  1.7

Action                   |  1- 3 |  4- 6 |  7- 9 || total
-------------------------+-------+-------+-------++-------
 Fire: Shortbow          |   101 |   134 |   361 ||   596
Invok: Curse Item        |       |       |     1 ||     1
  Use: Scroll            |       |       |     4 ||     4
       Potion            |       |       |     5 ||     5
Armor: Leather armour    |    21 |    24 |   103 ||   148
Dodge: Dodged            |    49 |    76 |   462 ||   587
